[Event "ICC tourney 2668 (40 10)"]
[Site "Internet Chess Club"]
[Date "2021.09.11"]
[Round "5"]
[White "Lin, James:MeLikeGame"]
[Black "Kousen, Kenneth A:kenkousen"]
[Result "1-0"]
[ICCResult "Black checkmated"]
[WhiteElo "1203"]
[BlackElo "1566"]
[Opening "Scandinavian (center counter) defense"]
[ECO "B01"]
[NIC "SD.01"]
[Time "20:00:46"]
[TimeControl "2400+10"]

1. e4 d5 2. exd5 Qxd5 3. Nc3 Qa5 4. Nf3 Nf6 5. Bc4 Bf5 6. O-O e6 7. d4 Nbd7
8. a3 c6 9. Bf4 Be7 10. b4 Qd8 11. b5 Rc8 12. bxc6 Rxc6 13. Qe2 Qc8 14. Ne5
Nxe5 15. dxe5 Rxc4 16. exf6 Bxf6 17. Nb5 O-O 18. Rac1 Rxf4 19. Nxa7 Qc5 20.
Nb5 Re4 21. Qd3 Rd8 22. Qb3 Re2 23. a4 Rxc2 24. Rxc2 Qxc2 25. Qb4 Bd3 26.
Re1 Bxb5 27. Qxb5 h6 28. Qxb7 Rd1 29. Qb4 Bc3 30. Qxc3 Rxe1+ 31. Qxe1 Qxa4
32. h3 Qd4 33. Qb1 e5 34. Qb8+ Kh7 35. Qc7 f6 36. Qc8 Qf4 37. Qc2+ f5 38.
Qc7 Qe4 39. Qd7 Qe1+ 40. Kh2 Qxf2 41. Qc6 e4 42. Qd6 e3 43. Qg3 f4 44. Qg4
e2 45. Qf5+ Kg8 46. Qe6+ Kf8 47. Qf5+ Ke7 48. Qe5+ Kd7 49. Qxg7+ Ke6 50.
Qxh6+ Ke5 51. Qg5+ Ke4 52. Qe7+ Kd3 53. Qa3+ Kd2 54. Qb2+ Kd1 55. Qb1+ Kd2
56. Qb2+ Ke3 57. Qb6+ Kd2 58. Qxf2 Kd1 59. Qd4+ Ke1 60. Qxf4 Kd1 61. Qd4+
Ke1 62. Kg3 Kf1 63. Qf2# {Black checkmated} 1-0

[Event "ICC tourney 2668 (40 10)"]
[Site "Internet Chess Club"]
[Date "2021.09.11"]
[Round "5"]
[White "Johnson, Yuliya:Yulisriffs"]
[Black "VIDENA, DANIEL TUAPEN:Davide25"]
[Result "0-1"]
[ICCResult "White resigns"]
[WhiteElo "1546"]
[BlackElo "1453"]
[Opening "Caro-Kann: Steinitz variation"]
[ECO "B17"]
[NIC "CK.08"]
[Time "20:01:15"]
[TimeControl "2400+10"]

1. e4 c6 2. d4 d5 3. Nc3 dxe4 4. Nxe4 Nd7 5. Nf3 Ngf6 6. Bd3 Nxe4 7. Bxe4
Nf6 8. Bd3 Bg4 9. c3 e6 10. Bg5 Be7 11. O-O O-O 12. h3 Bh5 13. Re1 Rc8 14.
Qc2 Bg6 15. Ne5 Bxd3 16. Nxd3 Nd7 17. Bf4 c5 18. dxc5 Nxc5 19. Rad1 Qe8 20.
Nxc5 Bxc5 21. Re5 Qe7 22. Rh5 g6 23. Rh6 Rfd8 24. Rxd8+ Rxd8 25. b4 Bd6 26.
Be3 b6 27. h4 Rc8 28. Bg5 f6 29. Be3 Bxb4 30. Bd4 Bc5 31. Bxc5 Rxc5 32. Qe4
Kg7 33. Qe3 Qd6 34. f4 Kxh6 35. h5 Kg7 36. f5 Rxf5 37. h6+ Kf7 38. Qe4 Qd1+
39. Kh2 Rh5+ 40. Kg3 Qd6+ 41. Kf3 Rf5+ 42. Ke2 Re5 43. Qxe5 Qxe5+ 44. Kd3
Qf4 45. Kc2 Qe3 {White resigns} 0-1

[Event "ICC tourney 2668 (40 10)"]
[Site "Internet Chess Club"]
[Date "2021.09.11"]
[Round "5"]
[White "Mason, Mike W:MikeWMason"]
[Black "ANDRADE, LUIS:Landrade"]
[Result "1-0"]
[ICCResult "Black checkmated"]
[WhiteElo "1598"]
[BlackElo "1066"]
[Opening "Caro-Kann: classical, 7...Nd7"]
[ECO "B19"]
[NIC "CK.11"]
[Time "20:01:07"]
[TimeControl "2400+10"]

1. e4 c6 2. d4 d5 3. Nd2 dxe4 4. Nxe4 Bf5 5. Ng3 Bg6 6. h4 h6 7. Nf3 Nd7 8.
Bd3 Bxd3 9. Qxd3 e6 10. Bd2 Ngf6 11. O-O-O a5 12. Ne2 a4 13. a3 b5 14. Nf4
Nb6 15. Rhe1 Be7 16. Nxe6 fxe6 17. Qg6+ Kf8 18. Rxe6 Qd5 19. Rde1 Qa2 20.
Kd1 Nbd5 21. Rxe7 Nxe7 22. Bb4 Ra7 23. Bxe7+ Rxe7 24. Rxe7 Kxe7 25. Qxg7+
Ke6 26. Qxh8 Qb1+ 27. Kd2 Qf1 28. Qc8+ Kf7 29. Ne5+ Kg7 30. Qc7+ Kh8 31.
Qd8+ Ng8 32. Qf8 Qxg2 33. Qf7 Qg7 34. Qxg7+ Kxg7 35. Nxc6 Nf6 36. Ne5 Ne4+
37. Ke3 Nd6 38. b3 Nf5+ 39. Ke4 axb3 40. cxb3 Nxh4 41. a4 bxa4 42. bxa4 Ng2
43. a5 h5 44. a6 h4 45. a7 h3 46. a8=Q h2 47. Qb7+ Kh6 48. Ng4+ Kg5 49. Nxh2
Nf4 50. Nf3+ Kg4 51. Qg7+ Kh3 52. Qg3# {Black checkmated} 1-0

[Event "ICC tourney 2668 (40 10)"]
[Site "Internet Chess Club"]
[Date "2021.09.11"]
[Round "5"]
[White "GOLI, SRIMAN:awakeflood"]
[Black "JAMMALAMADAKA, VIHAAN:smashattack"]
[Result "1-0"]
[ICCResult "Black resigns"]
[WhiteElo "1757"]
[BlackElo "1500"]
[Opening "Sicilian: Anderssen variation"]
[ECO "B41"]
[NIC "SI.41"]
[Time "20:00:49"]
[TimeControl "2400+10"]

1. e4 c5 2. Nf3 e6 3. d4 cxd4 4. Nxd4 Nf6 5. Nc3 Nc6 6. Bg5 Bb4 7. Nb5 O-O
8. a3 Be7 9. Qd2 a6 10. Nd4 d5 11. Nxc6 bxc6 12. exd5 cxd5 13. O-O-O Rb8 14.
Bf4 Rb7 15. Bxa6 Ra7 16. Bxc8 Qxc8 17. Nb1 Rb7 18. f3 Qc6 19. Be5 Rc8 20.
Rhe1 Ne4 21. Qe2 Nc5 22. Nc3 Na4 23. Nxa4 Qxa4 24. Rd3 Bg5+ 25. Kb1 Be7 26.
Kc1 Bf6 27. Bxf6 gxf6 28. c3 Rcb8 29. Rd4 Qa5 30. Rg4+ Kf8 31. Rb4 Rxb4 32.
cxb4 Qc7+ 33. Qc2 Qd7 34. Qxh7 Rc8+ 35. Kb1 Ke7 36. g4 Qb5 37. h4 d4 38. Rd1
Qe2 39. Qd3 Qg2 40. Qxd4 Kf8 41. Qd3 Kg7 42. b5 Qf2 43. h5 Qh2 44. a4 Qf4
45. Qe4 Qh2 46. b6 Rc5 47. f4 {Black resigns} 1-0

[Event "ICC tourney 2668 (40 10)"]
[Site "Internet Chess Club"]
[Date "2021.09.11"]
[Round "5"]
[White "BARANI, HRUSHIKESAN:Hrushichess"]
[Black "KOEHL, EVAN:MacAndSneeze"]
[Result "0-1"]
[ICCResult "White checkmated"]
[WhiteElo "1388"]
[BlackElo "1658"]
[Opening "Sicilian: Najdorf, Lipnitzky attack"]
[ECO "B86"]
[NIC "SI.13"]
[Time "20:00:53"]
[TimeControl "2400+10"]

1. e4 c5 2. Nf3 d6 3. d4 cxd4 4. Nxd4 Nf6 5. Nc3 a6 6. Bc4 e6 7. Bb3 Be7 8.
f3 O-O 9. Be3 b5 10. Qd2 Bb7 11. g4 Nbd7 12. h4 Nc5 13. h5 Rc8 14. O-O-O b4
15. Na4 Qa5 16. g5 Nxa4 17. gxf6 Bxf6 18. Rhg1 Nc5 19. Kb1 Nxb3 20. Nxb3 Qc7
21. Rc1 a5 22. Bg5 Bxg5 23. Rxg5 f6 24. Rgg1 e5 25. Rcd1 Rfd8 26. Rg2 d5 27.
Rdg1 Kh8 28. Rxg7 Qxg7 29. Rxg7 Kxg7 30. h6+ Kf7 31. Qg2 Rg8 32. Qh3 Rcd8
33. a3 Rg1+ 34. Ka2 a4 35. Nc5 dxe4 36. Qe6+ Kg6 37. fxe4 Bc8 38. Qc4 bxa3
39. Kxa3 Ra1+ 40. Kb4 Rd4 41. Qxd4 exd4 42. Nxa4 Rc1 43. Kc4 Rxc2+ 44. Kxd4
Kxh6 45. Nc3 Rxb2 46. Nd5 Rd2+ 47. Ke3 Rxd5 48. exd5 Kg6 49. d6 Kf5 50. Kf3
Ke6 51. Kg3 Kxd6 52. Kf2 Ke5 53. Kg3 f5 54. Kf3 f4 55. Kf2 h5 56. Kf1 Ke4
57. Kf2 f3 58. Kf1 Ke3 59. Kg1 f2+ 60. Kh2 f1=Q 61. Kg3 Qf2# {White
checkmated} 0-1

[Event "ICC tourney 2668 (40 10)"]
[Site "Internet Chess Club"]
[Date "2021.09.11"]
[Round "5"]
[White "WU, WINSTON:K01-30022609"]
[Black "Harmon, James E:pawnninja"]
[Result "0-1"]
[ICCResult "White checkmated"]
[WhiteElo "1336"]
[BlackElo "1637"]
[Opening "Robatsch (modern) defense"]
[ECO "B06"]
[NIC "KF.05"]
[Time "20:00:52"]
[TimeControl "2400+10"]

1. e4 g6 2. d4 Bg7 3. Nf3 d6 4. Bc4 e6 5. O-O Ne7 6. Nc3 O-O 7. h3 a6 8. a4
Nd7 9. Re1 b6 10. Bg5 Bb7 11. Qd2 c6 12. Ne2 d5 13. exd5 cxd5 14. Bb3 f6 15.
Bf4 Re8 16. Nc3 Rc8 17. Rxe6 Nf8 18. Re2 Kh8 19. Rae1 Qd7 20. Nh2 g5 21. Bg3
Nfg6 22. Ng4 h5 23. Ne3 Kh7 24. Qd3 Bc6 25. Qxa6 f5 26. Bh2 f4 27. Nf1 f3
28. Rd2 fxg2 29. Ng3 Qxh3 30. Re3 Nh4 31. Qd3+ Neg6 32. Nce2 Rxe3 33. Qxe3
Re8 34. Qd3 g4 35. Nxh5 Nf3+ 36. Qxf3 gxf3 37. Nxg7 Kxg7 38. Ba2 Rxe2 39.
Rd1 Qe6 40. Be5+ Nxe5 41. dxe5 Qxe5 42. Rc1 Qh5 43. Rd1 Qh1# {White
checkmated} 0-1

[Event "ICC tourney 2668 (40 10)"]
[Site "Internet Chess Club"]
[Date "2021.09.11"]
[Round "5"]
[White "ZILBERMINTZ, LEV:chessrex"]
[Black "CAREY, MICHAEL P:xyzchessdude"]
[Result "0-1"]
[ICCResult "White checkmated"]
[WhiteElo "1723"]
[BlackElo "1815"]
[Opening "Old Benoni defense"]
[ECO "A43"]
[NIC "OI.09"]
[Time "20:00:54"]
[TimeControl "2400+10"]

1. d4 c5 2. Nf3 cxd4 3. b4 e6 4. a3 a5 5. b5 d5 6. Nxd4 Nf6 7. Bb2 Bd6 8.
Nf3 O-O 9. e3 Nbd7 10. Nbd2 e5 11. c4 e4 12. Nd4 Ne5 13. cxd5 Bg4 14. Qb3 a4
15. Qa2 Qa5 16. h3 Bh5 17. g4 Bg6 18. Be2 Nfd7 19. Rd1 Nc5 20. O-O Ned3 21.
Nc4 Qd8 22. Nxd6 Qxd6 23. Kg2 Rad8 24. f4 exf3+ 25. Bxf3 Rfe8 26. Nc2 Ne4
27. Rxd3 Qg3+ 28. Kh1 Qxh3+ 29. Kg1 Qg3+ 30. Bg2 Ng5 31. Rd2 Be4 32. Rff2
Nh3+ 33. Kf1 Nxf2 34. Rxf2 Bd3+ 35. Kg1 Bxc2 36. Bd4 Bb3 37. Qb2 Qxg4 38.
Rf4 Qd1+ 39. Rf1 Qc2 40. e4 Qxb2 41. Bxb2 f6 42. Bc3 Bc2 43. Re1 Bd3 44. b6
Bc4 45. Rc1 Bd3 46. Re1 Kf7 47. Kf2 Bb5 48. Rb1 Bd3 49. Re1 Rc8 50. Bd2 Rc2
51. Ke3 Bc4 52. d6 Bb5 53. Bh3 Rc4 54. Kf4 Rd8 55. Bb4 g6 56. Bf1 Rxb4 57.
axb4 Bxf1 58. Rxf1 Rxd6 59. Ra1 Rxb6 60. Rxa4 Rc6 61. Ra7 Rc7 62. Ke3 Ke6
63. Kd4 h5 64. Ra8 h4 65. Rh8 g5 66. Rh6 Rc1 67. Rh7 Rd1+ 68. Ke3 Rd7 69.
Rh8 Rg7 70. b5 Ke5 71. Re8+ Kd6 72. Rf8 Kc5 73. Rxf6 Kxb5 74. e5 Kc5 75. Ke4
g4 76. Rh6 g3 77. Rh8 g2 78. Rc8+ Kb6 79. Rc1 g1=Q 80. Rxg1 Rxg1 81. e6 h3
82. e7 Re1+ 83. Kf3 Rxe7 84. Kg3 Rh7 85. Kh2 Kc5 86. Kh1 b5 87. Kg1 b4 88.
Kh1 b3 89. Kh2 b2 90. Kg3 h2 91. Kg4 h1=Q 92. Kf5 b1=Q+ 93. Ke6 Qd5+ 94. Kf6
Qb6# {White checkmated} 0-1

[Event "ICC tourney 2668 (40 10)"]
[Site "Internet Chess Club"]
[Date "2021.09.11"]
[Round "5"]
[White "TANG, VINCENT:VincentT2008"]
[Black "BASKARRAJ, SAMUEL G:SamLightning"]
[Result "1/2-1/2"]
[ICCResult "Game drawn because neither player has mating material"]
[WhiteElo "1599"]
[BlackElo "1578"]
[Opening "Grünfeld: exchange variation"]
[ECO "D85"]
[NIC "GI.03"]
[Time "20:00:51"]
[TimeControl "2400+10"]

1. d4 Nf6 2. c4 g6 3. Nc3 d5 4. cxd5 Nxd5 5. Bd2 Bg7 6. e4 Nxc3 7. Bxc3 c5
8. d5 Bxc3+ 9. bxc3 Qa5 10. Qd2 O-O 11. c4 Qxd2+ 12. Kxd2 e6 13. Bd3 f5 14.
e5 b6 15. f4 Bb7 16. Ne2 exd5 17. cxd5 Bxd5 18. Nc3 Bxg2 19. Rhg1 Rd8 20.
Rxg2 c4 21. Rg3 cxd3 22. Nb5 Na6 23. Rxd3 Nc5 24. Rxd8+ Rxd8+ 25. Ke2 Ne6
26. Ke3 Rd7 27. Rc1 Nc5 28. Nd6 Kf8 29. Rc4 Ke7 30. a4 Ke6 31. a5 g5 32. Rd4
Nb3 33. Rc4 Nxa5 34. Rc8 Kd5 35. Nxf5 gxf4+ 36. Kxf4 Nb3 37. Ne3+ Ke6 38.
Rc6+ Ke7 39. Nf5+ Kd8 40. e6 Nd4 41. e7+ Rxe7 42. Nxe7 Nxc6 43. Nxc6+ Kd7
44. Nxa7 Ke6 45. Kg5 Kf7 46. Kh6 Kf6 47. h4 Kf5 48. Kh5 Kf4 49. Nb5 Kf5 50.
Nc7 Ke5 51. Kh6 Kf5 52. h5 Kg4 53. Nb5 Kh4 54. Nd4 Kg4 55. Nb5 Kh4 56. Nd4
Kg4 57. Nb5 Kh4 58. Nc3 Kg4 59. Nd5 b5 60. Nf6+ Kf5 61. Kg7 h6 62. Ne4 Kxe4
63. Kxh6 b4 64. Kg7 b3 65. h6 b2 66. h7 b1=Q 67. h8=Q Qg1+ 68. Kf7 Qa7+ 69.
Kg6 Qg1+ 70. Kf7 Qf2+ 71. Qf6 Qxf6+ 72. Kxf6
{Game drawn because neither player has mating material}
1/2-1/2

[Event "ICC tourney 2668 (40 10)"]
[Site "Internet Chess Club"]
[Date "2021.09.11"]
[Round "5"]
[White "MAZUMDAR, SHAURYA:raremystery"]
[Black "JIANG, JASON:JasonJiang10"]
[Result "0-1"]
[ICCResult "White forfeits on time"]
[WhiteElo "1658"]
[BlackElo "1724"]
[Opening "Sicilian: dragon, Yugoslav attack, 10.O-O-O"]
[ECO "B78"]
[NIC "SI.18"]
[Time "20:00:47"]
[TimeControl "2400+10"]

1. e4 c5 2. Nf3 d6 3. d4 cxd4 4. Nxd4 Nf6 5. Nc3 g6 6. Be3 Bg7 7. f3 O-O 8.
Qd2 Nc6 9. Bc4 Bd7 10. O-O-O Rc8 11. Bb3 Nxd4 12. Bxd4 b5 13. h4 a5 14. Nd5
Nxd5 15. Bxg7 Kxg7 16. Bxd5 e6 17. h5 g5 18. h6+ Kg8 19. Bb7 Rb8 20. Ba6 Rb6
21. Qxa5 Qc7 22. Qd2 f6 23. f4 Rxa6 24. a3 Qc5 25. e5 gxf4 26. g3 Qe3 27.
gxf4 Qxd2+ 28. Rxd2 Kh8 29. exd6 Rg8 30. c3 f5 31. Rd4 Rg2 32. Rhd1 Kg8 33.
c4 Rc6 34. b3 Kf7 35. a4 bxc4 36. bxc4 Rc5 37. R1d3 Rh2 38. Rb3 e5 39. fxe5
Rxe5 40. Rb7 Ke6 41. Rd3 Rxh6 42. a5 Rh1+ 43. Kb2 Re2+ 44. Kc3 Ra1 45. Rd5
Ra3+ 46. Kb4 Ree3 47. Ra7 Ra4+ 48. Kc5 Re4 49. Rd4 Rxd4 50. Kxd4 Kxd6 51.
Ra6+ Bc6 52. Ra7 f4 {White forfeits on time} 0-1